 Dungeon Crawl Stone Soup version 0.30-a0-728-gc68057be0a (webtiles) character file.

Game seed: 3331707113536449432

11426 Dittersdorf the Blocker (level 11, -6/73 HPs)
             Began as a Gargoyle Fighter on Jan 30, 2023.
             Was a High Priest of Okawaru.
             Mangled by an orc knight
             ... wielding a +2 great sword
              (12 damage)
             ... on level 9 of the Dungeon.
             The game lasted 00:17:50 (10910 turns).

Dittersdorf the Blocker (Gargoyle Fighter)         Turns: 10910, Time: 00:17:51

Health: -6/73      AC: 32    Str: 23    XL:     11   Next: 77%
Magic:  19/21      EV:  9    Int: 15    God:    Okawaru [*****.]
Gold:   586        SH: 13    Dex: 15    Spells: 5/10 levels left

rFire   . . .      SeeInvis .    e - +3 morningstar
rCold   . . .      Faith    .    c - +0 buckler
rNeg    + . .      Spirit   .    h - +1 plate armour
rPois   ∞          Reflect  +    y - +3 hat of Pondering {ponderous, Will+ MP+10 Int+5}
rElec   +          Harm     .    G - scarf {repulsion}
rCorr   +          Rampage  .    p - +0 pair of gloves
Will    +....                    C - +0 pair of boots Stlth
                                 a - amulet of reflection
HPRegen 0.32/turn                i - ring of resist corrosion
MPRegen 0.17/turn                n - +6 ring of dexterity

@: heroic, repel missiles, slow
A: sickness immunity, AC +8, negative energy resistance 1, electricity
resistance, torment resistance 1, petrification resistance
a: Renounce Religion, Heroism, Finesse, Duel


You were on level 9 of the Dungeon.
You worshipped Okawaru.
Okawaru was extremely pleased with you.
You visited 2 branches of the dungeon, and saw 11 of its levels.

You collected 586 gold pieces.

Inventory:

Hand Weapons
 e - a +3 morningstar (weapon)
Missiles
 H - 5 curare-tipped darts (quivered)
Armour
 c - a +0 buckler (worn)
 h - a +1 plate armour (worn)
 p - a +0 pair of gloves (worn)
 q - a +2 helmet
 y - the +3 hat of Pondering (worn) {ponderous, Will+ MP+10 Int+5}
   (You took it off Gastronok on level 7 of the Dungeon)

   Int:       It affects your intelligence (+5).
   MP:        It affects your magic capacity (+10).
   Will:      It increases your willpower.
 C - a +0 pair of boots (worn)
 G - a scarf of repulsion (worn)
Jewellery
 a - an amulet of reflection (around neck)
 i - a ring of resist corrosion (left hand)
 n - a +6 ring of dexterity (right hand)
 E - a ring of fire
Wands
 f - a wand of roots (9)
Scrolls
 g - a scroll of enchant weapon
 j - 5 scrolls of teleportation
 l - 2 scrolls of blinking
 r - 3 scrolls of enchant armour
 s - 3 scrolls of fog
Potions
 b - 3 potions of magic
 d - 2 potions of might
 k - 2 potions of brilliance
 m - 4 potions of heal wounds {unknown}
 o - 2 potions of berserk rage {unknown}
 t - a potion of degeneration {unknown}
 u - a potion of ambrosia
 v - 2 potions of resistance
 w - a potion of flight
 x - a potion of haste
 z - 2 potions of invisibility
 A - 2 potions of mutation
 B - 3 potions of curing
 J - 2 potions of cancellation


   Skills:
 + Level 10.6(15.6) Fighting
 + Level 9.5(14.5) Maces & Flails
 + Level 10.6(15.6) Armour
 + Level 10.7(15.7) Shields


You had 5 spell levels left.
You knew the following spells:

 Your Spells              Type           Power      Damage    Failure   Level
a - Passwall              Tmut/Erth      0%         N/A       98%         2
b - Stone Arrow           Conj/Erth      0%         3d7       100%        3

Your spell library contained the following spells:

 Spells                   Type           Power      Damage    Failure   Level
 Apportation              Tloc           0%         N/A       94%         1
 Necrotise                Necr           0%         1d4       94%         1
 Sandblast                Erth           0%         2d4       94%         1
 Blink                    Tloc           0%         N/A       98%         2
 Ensorcelled Hibernation  Hex/Ice        0%         N/A       98%         2
 Lesser Beckoning         Tloc           0%         N/A       98%         2
 Momentum Strike          Conj/Tloc      0%         3d8       98%         2
 Poisonous Vapours        Pois/Air       0%         N/A       98%         2
 Mephitic Cloud           Conj/Pois/Air  0%         N/A       100%        3
 Spider Form              Tmut/Pois      0%         N/A       100%        3
 Anguish                  Hex/Necr       0%         N/A       100%        4
 Lehudib's Crystal Spear  Conj/Erth      0%         10d2      100%        8
 Summon Small Mammal      Summ           Unusable   N/A       N/A         1
 Cigotuvi's Dreadful Rot  Necr/Pois/Air  Unusable   N/A       N/A         2
 Animate Armour           Summ/Erth      Unusable   N/A       N/A         4

Dungeon Overview and Level Annotations

Branches:
Dungeon (10/15)            Temple (1/1) D:5             Orc (0/2) D:10
   Lair: D:8-11

Altars:
Ashenzari
Cheibriados
Dithmenos
Elyvilon
Fedhas
Gozag
Hepliaklqana
Makhleb
Nemelex Xobeh
Okawaru
Qazlal
Ru
Sif Muna
Trog
Uskayaw
Vehumet
Wu Jian
Xom
Yredelemnul
Zin
The Shining One

Shops:
D:1 *   D:2 ?([:[   D:4 *   D:10 :(

Annotations:
Temple 2 transporters


Innate Abilities, Weirdness & Mutations

You are immune to sickness and miasma.
Your stone body is resilient. (AC +8)
You are immune to poison.
You resist negative energy. (rN+)
You are resistant to electric shocks. (rElec)
You are resistant to unholy torment.
You are immune to petrification.


Message History

The orc warrior hits you with a +1 mace of draining!
The orc warrior attacks as you move away!
You block the orc warrior's attack.
The orc knight attacks as you move away!
You block the orc knight's attack.
The orc knight attacks as you move away!
You block the orc knight's attack.
There is a stone staircase leading up here.
The orc knight barely misses you.
The orc warrior hits you but does no damage.
You block the orc's attack.
You climb upwards.
There is a stone staircase leading down here.
You hit the orc warrior.
The orc warrior is lightly wounded.
The orc knight hits you with a +2 great sword.
The orc warrior hits you with a +1 mace of draining.
You hit the orc warrior.
The orc warrior is moderately wounded.
The orc knight hits you with a +2 great sword!
The orc warrior hits you with a +1 mace of draining!
* * * LOW HITPOINT WARNING * * *
You hit the orc warrior.
The orc warrior is moderately wounded.
The orc knight hits you with a +2 great sword.
* * * LOW HITPOINT WARNING * * *
The orc warrior hits you with a +1 mace of draining!
* * * LOW HITPOINT WARNING * * *
You barely miss the orc warrior.
The orc warrior is moderately wounded.
You block the orc knight's attack.
The orc warrior hits you with a +1 mace of draining!
* * * LOW HITPOINT WARNING * * *
You impale the orc warrior!!
You kill the orc warrior!
Okawaru accepts your kill. You block the orc knight's attack.
You gain the combat prowess of a mighty hero.
The orc knight hits you with a +2 great sword!
You die...

#...# #...# #...# #.###
#.####### #.##....#
###.##....####
....<.......(#####
...............o@#
....##....##.###)#
....##....##.# #.#
....##....##.###.#####
.##.##....#..........##
.##.######.#...##...#.#
.##.# #..#..##..#..#
.##.######...#....#...#
..............#..#....##


You could see an orc knight.

Vanquished Creatures
  Gastronok (D:7)
  4 two-headed ogres
  Pikel (D:4)
  Maggie (D:10)
  Psyche (D:7)
  2 trolls (D:9)
  A hornet (D:9)
  Grinder (D:3)
  A vampire (D:9)
  A wyvern (D:8)
  7 yaks
  A steam dragon (D:6)
  Menkaure (D:6)
  4 water moccasins
  2 acid dragons
  2 ice beasts (D:6)
  4 orc warriors
  A sky beast (D:6)
  A black bear (D:3)
  3 ogres
  A centaur (D:6)
  A lemure (D:4)
  A phantom (D:6)
  4 kobold brigands
  3 bullfrogs
  3 necrophages (D:6)
  2 scorpions
  23 wights
  3 howler monkeys (D:9)
  6 orc priests
  5 hounds
  Crazy Yiuf (D:5)
  2 jellies
  Jessica (D:2)
  4 iguanas
  Ijyb (D:3)
  6 orc wizards
  Robin (D:2)
  9 adders
  3 gnolls (D:5)
  A worm (D:3)
  22 orcs
  5 ball pythons
  7 endoplasms
  5 giant cockroaches
  15 goblins
  7 hobgoblins
  7 jackals
  2 quokkas
  3 bats
  3 frilled lizards
  14 kobolds
  4 rats
215 creatures vanquished.

Vanquished Creatures (others)
  4 plants (D:4)
4 creatures vanquished.

Grand Total: 219 creatures vanquished

Notes
Turn   | Place    | Note
-------+----------+-------------------------------------------
     0 | D:1      | Dittersdorf the Gargoyle Fighter began the quest for the
                  | Orb.
     0 | D:1      | Reached XP level 1. HP: 14/14 MP: 1/1
    58 | D:1      | Reached XP level 2. HP: 11/19 MP: 2/2
   107 | D:1      | Found a shimmering blue altar of Sif Muna.
   152 | D:1      | You fall into a shaft and drop 1 floor!
   153 | D:2      | yay!
   291 | D:1      | Found Dameac's Assorted Antiques.
   352 | D:1      | Reached XP level 3. HP: 22/23 MP: 3/3
   805 | D:2      | Found Hepn's Armour Boutique.
  1007 | D:2      | Found Qaesoch's Book Shoppe.
  1163 | D:2      | Found Binel's Antique Armour Boutique.
  1188 | D:2      | Noticed Robin
  1190 | D:2      | Reached XP level 4. HP: 23/29 MP: 4/4
  1231 | D:2      | Killed Robin
  1537 | D:2      | Noticed Jessica
  1542 | D:2      | Killed Jessica
  1569 | D:2      | Found Deakhyab's Magic Scroll Shop.
  1657 | D:2      | Found a faded altar of an unknown god.
  1693 | D:2      | Found Jiunnoud's Weapon Shop.
  1924 | D:3      | Noticed Grinder
  1939 | D:3      | Paralysed by Grinder for 4 turns
  1959 | D:3      | Paralysed by Grinder for 4 turns
  1969 | D:3      | Killed Grinder
  1970 | D:3      | Reached XP level 5. HP: 30/34 MP: 5/5
  1970 | D:3      | Reached XP level 6. HP: 35/39 MP: 6/6
  2197 | D:3      | Noticed Ijyb
  2220 | D:3      | Killed Ijyb
  2381 | D:3      | Found a burning altar of Makhleb.
  2755 | D:4      | Noticed a black bear
  2773 | D:3      | Killed a black bear
  2774 | D:3      | Reached skill level 5 in Fighting
  2774 | D:3      | Reached skill level 5 in Armour
  2774 | D:3      | Reached skill level 5 in Shields
  2919 | D:3      | Reached XP level 7. HP: 44/44 MP: 7/7
  3472 | D:4      | Found Ofeorgh's General Store.
  3799 | D:5      | Entered Level 5 of the Dungeon
  3842 | D:5      | Noticed Pikel
  3953 | D:4      | Killed Pikel
  3954 | D:4      | Reached skill level 5 in Maces & Flails
  3954 | D:4      | Reached XP level 8. HP: 20/51 MP: 8/8
  4664 | D:5      | Found a runed translucent door.
  4667 | D:5      | Noticed Crazy Yiuf
  4674 | D:5      | Killed Crazy Yiuf
  4715 | D:5      | Found a staircase to the Ecumenical Temple.
  4724 | Temple   | Entered the Ecumenical Temple
  4724 | Temple   | Found a transporter.
  4724 | Temple   | Found a transporter.
  4726 | Temple   | Found a transporter.
  4726 | Temple   | Found a transporter.
  4743 | Temple   | Became a worshipper of Warmaster Okawaru
  5065 | D:6      | Noticed Menkaure
  5069 | D:6      | Killed Menkaure
  5070 | D:6      | Reached XP level 9. HP: 51/57 MP: 9/9
  5231 | D:6      | Found a stormy altar of Qazlal.
  5321 | D:6      | Found a radiant altar of Vehumet.
  5502 | D:6      | Found an ornate altar of the Wu Jian Council.
  5648 | D:6      | Reached * piety under Okawaru
  6439 | D:6      | Reached ** piety under Okawaru
  6440 | D:6      | Reached XP level 10. HP: 52/64 MP: 8/10
  7433 | D:7      | Noticed a two-headed ogre
  7541 | D:7      | Found a broken altar of Ashenzari.
  7558 | D:7      | Killed a two-headed ogre
  7558 | D:7      | Reached *** piety under Okawaru
  7982 | D:8      | Noticed a two-headed ogre
  7982 | D:8      | Found a blossoming altar of Fedhas.
  7995 | D:8      | Killed a two-headed ogre
  7997 | D:8      | Found an opulent altar of Gozag.
  8007 | D:8      | Found a white marble altar of Elyvilon.
  8010 | D:8      | Found a snail-covered altar of Cheibriados.
  8015 | D:8      | Found a bloodstained altar of Trog.
  8021 | D:8      | Found a hazy altar of Hepliaklqana.
  8512 | D:8      | Reached **** piety under Okawaru
  8519 | D:8      | Reached XP level 11. HP: 65/71 MP: 11/11
  8617 | D:8      | Noticed Psyche
  8824 | D:7      | Killed Psyche
  8879 | D:8      | Noticed Gastronok
  8941 | D:7      | Killed Gastronok
  8942 | D:7      | Reached skill level 10 in Fighting
  8942 | D:7      | Reached skill level 10 in Armour
  8942 | D:7      | Reached skill level 10 in Shields
  9573 | D:9      | Noticed a two-headed ogre
  9586 | D:9      | Killed a two-headed ogre
 10187 | D:10     | Entered Level 10 of the Dungeon
 10187 | D:10     | Found Pekuajum's Book Emporium.
 10211 | D:9      | Reached ***** piety under Okawaru
 10466 | D:10     | Noticed a two-headed ogre
 10475 | D:10     | Killed a two-headed ogre
 10652 | D:9      | Learned a level 2 spell: Passwall
 10656 | D:9      | Learned a level 3 spell: Stone Arrow
 10728 | D:10     | Identified the +9 hand axe "Newtbane" {protect, rF- rN+
                  | rCorr}
 10790 | D:10     | Found a sacrificial altar of Ru.
 10832 | D:10     | Noticed Maggie
 10849 | D:10     | Killed Maggie
 10893 | D:10     | Found a staircase to the Orcish Mines.
 10893 | D:10     | Found Ciurgh's Weapon Boutique.
 10893 | D:10     | Noticed an orc knight
 10910 | D:9      | Mangled by an orc knight

Illustrated notes

########
#.....@#
#.####.#
#.# ...
...
.#...
.#...
.....##


Turn 153 on D:2: yay!

Levels and vault maps discovered:
D:1:      dpeg_arrival_arbitrary_c, layout_rooms, serial_shops,
          nicolae_shop_competitors_out_of_business, palyth_stone_intersect,
          grunt_decor_mini_mirrors, minmay_hexomino_r4
D:2:      layout_loops_corners, hellmonk_ecumenical_altar_heavens_door,
          serial_shops, shop_statue, shop_statue, shop, shop,
          nicolae_shop_statue_plus, uniq_robin, uniq_jessica
D:3:      layout_basic, old_standard_altar, uniq_ijyb, uniq_grinder
D:4:      layout_rooms, nicolae_overflow_hidden_temple, serial_forest,
          infiniplex_forest_straight_3, infiniplex_forest_clump_tiny,
          infiniplex_forest_end_3, infiniplex_forest_lined_2,
          infiniplex_forest_join, infiniplex_forest_clump_diagonal,
          infiniplex_forest_diagonal, infiniplex_forest_straight_4,
          kennysheep_windowed_goal
D:5:      layout_basic, minmay_temple_entry_trees, minmay_misc_feat_pillars,
          uniq_pikel, uniq_crazy_yiuf_cottage
D:6:      layout_rooms, nicolae_qazlal_eye_of_the_storm,
          overflow_temple_1_default, nzn_wu_jian_council_hall, nzn_random_ring,
          uniq_menkaure
D:7:      layout_basic, ashenzari_conservatory_becter, minmay_misc_feat_tiny
D:8:      layout_rooms, nicolae_overflow_hallway_of_the_gods, uniq_psyche,
          uniq_gastronok
D:9:      layout_basic, minivault_26
D:10:     layout_layer_cave, nicolae_ru_the_path_less_chosen, erik_lair_dragon,
          orc_david_3, serial_shops, nicolae_stop_n_shop_1, uniq_maggie
Temple:   hellmonk_temple_divided_pantheon

Skill      XL: |  1  2  3  4  5  6  7  8  9 10 11 |
---------------+----------------------------------+-----
Armour         | 4 5 6 7 8 9 10 | 10.6
Shields        | 4 5 6 7 8 9 10 | 10.7
Fighting       | 4 5 6 7 8 9 10 | 10.6
Maces & Flails | 3 4 5 7 8 9 |  9.5

Action                     |  1- 3 |  4- 6 |  7- 9 | 10-12 || total
---------------------------+-------+-------+-------+-------++-------
  Melee: Flail             |   136 |   177 |   122 |    14 ||   449
         Whip              |       |       |   131 |       ||   131
         Mace              |       |       |   204 |   220 ||   424
         Morningstar       |       |       |       |   182 ||   182
         Unarmed           |       |       |       |     9 ||     9
  Throw: Dart              |       |     3 |    13 |     8 ||    24
 Invoke: Heroism           |       |       |     2 |     9 ||    11
    Use: Scroll            |       |       |    11 |    11 ||    22
 Armour: Scale mail        |   105 |   136 |    25 |       ||   266
         Chain mail        |       |       |   124 |       ||   124
         Plate armour      |       |       |   157 |   242 ||   399
         Skin              |       |       |       |     1 ||     1
  Dodge: Dodged            |    97 |    89 |   146 |    88 ||   420
         Repelled          |       |       |       |     2 ||     2
  Block: Buckler           |    29 |    52 |    93 |   219 ||   393
         Reflection        |       |       |       |     3 ||     3
         Other             |       |       |       |     2 ||     2

Table legend: (Time is in decaauts)
 A = Elapsed time spent in this place.
 B = Non-inter-level travel time spent in this place.
 C = Inter-level travel time spent in this place.
 D = Time resting spent in this place.
 E = Time spent auto-exploring this place.
 F = Levels seen in this place.
 G = Mean time per level.
                   A        B        C        D        E       F      G
               +--------+--------+--------+--------+--------+-----+--------+
         Total |  11172 |  10761 |    411 |   2133 |   5768 |  11 | 1015.6 |
       Dungeon |  11137 |  10726 |    411 |   2133 |   5762 |  10 | 1113.7 |
        Temple |     34 |     34 |      0 |      0 |      6 |   1 |   34.0 |
               +--------+--------+--------+--------+--------+-----+--------+

Top non-repeatable levels by time:
     D:7: 1828 daAuts
     D:6: 1603 daAuts
     D:3: 1334 daAuts
     D:9: 1303 daAuts
     D:2: 1032 daAuts
     D:5: 1029 daAuts
     D:1: 890 daAuts
     D:4: 860 daAuts
     D:8: 827 daAuts
    D:10: 428 daAuts
  Temple: 34 daAuts
